Map: Port Aleksander LE

Players

Stats - Winner!

  • Race: Protoss Protoss
  • Spawn Location: 11:00

Impact

  • Race: Zerg Zerg
  • Spawn Location: 5:00

Event: IEM Season 13: Katowice (2019)

VOD

Have the link to the VOD?

Description

Time

  • Played on: Feb. 26, 2019, 10:36 a.m.
  • Length: 8:57

All games in this series

Show
View Real Time Build Order
Export as new Build Order

Stats Protoss - Winner!

Build Orders: 1 Gate Expand, Archon Immortal, Archon Drop, Dark Templar Rush 

Get SALT Encoding   

  12  0:00  Probe  
  13  0:12  Probe  
  14  0:21  Pylon  
  14  0:24  Probe  
  15  0:35  Probe  
  16  0:44  Gateway, Probe  
  16  0:49  Assimilator  
  17  0:54  Probe  
  18  1:06  Probe  
  19  1:18  Probe  
  20  1:26  Nexus  
  20  1:35  Cybernetics Core  
  20  1:38  Probe  
  21  1:45  Assimilator  
  21  1:50  Probe  
  22  1:54  Pylon  
  22  2:02  Adept, Probe  
  23  2:13  Warp Gate  
  23  2:15  Probe  
  26  2:27  Probe  
  27  2:32  Stalker  
  27  2:34  Probe  
  27  2:35  Twilight Council, Probe  
  29  2:42  Probe  
  29  2:43  Probe  
  33  2:52  Probe  
  33  2:53  Probe  
  35  2:59  Robotics Facility  
  35  3:04  Probe  
  35  3:05  Probe  
  37  3:17  Probe x2  
  37  3:19  Dark Shrine  
  39  3:22  Gateway  
  39  3:29  Probe x2  
  41  3:35  Warp Prism  
  41  3:36  Gateway  
  41  3:38  Gateway  
  41  3:41  Probe  
  44  3:49  Assimilator  
  44  3:52  Assimilator  
  44  3:56  Pylon  
  44  3:58  Probe  
  44  3:59  Probe  
  46  4:06  Warp Prism  
  46  4:07  Pylon  
  46  4:14  Probe x2  
  50  4:23  Pylon  
  50  4:26  Probe x2  
  52  4:33  Forge  
  52  4:34  Dark Templar  
  52  4:35  Dark Templar  
  52  4:38  Protoss Ground Weapons Level 1  
  56  4:39  Archon  
  56  4:44  Dark Templar x2  
  60  4:47  Observer  
  60  4:50  Archon  
  60  4:52  Pylon  
  60  4:53  Probe  
  60  4:56  Pylon  
  62  5:05  Immortal  
  66  5:20  Dark Templar  
  68  5:21  Dark Templar  
  70  5:40  Immortal  
  70  5:45  Pylon  
  74  5:53  Dark Templar x2  
  74  5:54  Archon  
  74  5:55  Zealot x2  
  82  5:58  Archon  
  82  6:12  Gateway  
  82  6:13  Gateway  
  82  6:14  Charge  
  82  6:15  Immortal  
  82  6:16  Gateway  
  82  6:17  Gateway, Protoss Ground Weapons Level 2  
  86  6:42  Pylon  
  86  6:43  Pylon  
  86  6:45  Pylon  
  90  6:54  Immortal  
  90  6:55  Sentry x2  
  94  7:08  Sentry, Zealot  
  94  7:13  Zealot x3  
  94  7:14  Pylon  
  104  7:26  Zealot x2  
  104  7:27  Zealot  
  110  7:32  Sentry, Zealot  
  110  7:35  Pylon, Probe x2  
  110  7:37  Pylon  
  116  7:49  Nexus  
  116  7:50  Pylon  
  116  8:05  Zealot x4  
  122  8:06  Zealot x4  
  130  8:27  Zealot x6  
  130  8:31  Zealot  
  130  8:33  Zealot  
  124  8:50  Zealot x4  
Show
View Real Time Build Order
Export as new Build Order

Impact Zerg 

Build Orders: Hatch First 

Get SALT Encoding   

  12  0:00  Drone  
  13  0:12  Overlord  
  13  0:17  Drone  
  14  0:30  Drone x2  
  16  0:48  Hatchery  
  15  0:52  Drone  
  15  0:55  Drone  
  17  0:59  Drone  
  18  1:06  Drone  
  19  1:13  Extractor  
  19  1:17  Drone  
  19  1:21  Spawning Pool  
  18  1:28  Drone  
  19  1:40  Drone  
  20  1:51  Hatchery  
  20  1:53  Drone  
  20  2:00  Drone  
  21  2:01  Drone  
  22  2:10  Queen  
  22  2:14  Drone  
  25  2:18  Drone  
  25  2:22  Overlord  
  26  2:31  Queen  
  28  2:40  Zergling x4  
  28  2:42  Drone  
  28  2:43  Drone  
  32  2:45  Metabolic Boost  
  32  2:47  Drone  
  33  2:54  Drone  
  33  2:57  Queen  
  36  3:04  Queen  
  38  3:07  Drone  
  38  3:10  Drone  
  40  3:13  Drone  
  40  3:15  Overlord, Drone  
  42  3:33  Overlord  
  42  3:35  Drone  
  42  3:36  Drone x6  
  42  3:40  Spore Crawler  
  48  3:42  Drone  
  48  3:47  Overlord  
  49  3:51  Drone x4  
  53  3:59  Lair  
  53  4:00  Extractor  
  53  4:02  Extractor  
  51  4:03  Drone x3, Roach Warren  
  51  4:09  Drone x3  
  56  4:11  Zergling x2  
  56  4:12  Zergling x2  
  56  4:15  Zergling x2  
  56  4:16  Zergling x4  
  61  4:18  Zergling x2  
  61  4:20  Spore Crawler  
  61  4:23  Zergling x4  
  63  4:26  Zergling x4  
  64  4:32  Overlord  
  64  4:34  Drone  
  65  4:39  Overlord x2  
  65  4:50  Overlord  
  65  4:51  Overlord  
  65  4:58  Roach x4  
  65  4:59  Roach x3  
  79  5:02  Glial Reconstitution  
  79  5:03  Overseer  
  79  5:06  Roach  
  81  5:09  Roach  
  81  5:11  Roach  
  81  5:13  Roach  
  87  5:14  Roach  
  87  5:17  Roach  
  87  5:20  Drone  
  92  5:21  Drone  
  92  5:22  Drone x2  
  92  5:27  Drone  
  96  5:32  Drone x4  
  93  5:37  Drone  
  93  5:42  Drone x3  
  95  5:44  Overlord  
  95  5:47  Overlord  
  95  5:52  Extractor, Drone  
  95  5:55  Roach, Evolution Chamber  
  96  6:03  Roach x2  
  98  6:05  Roach  
  98  6:07  Drone x3  
  98  6:10  Roach x2  
  103  6:13  Roach  
  103  6:14  Roach  
  103  6:16  Overlord  
  107  6:19  Roach  
  108  6:26  Roach  
  107  6:36  Drone x6  
  107  6:38  Roach  
  107  6:39  Roach x3  
  121  6:44  Overlord  
  119  6:50  Roach  
  119  6:52  Overlord  
  120  7:02  Drone  
  120  7:03  Extractor  
  120  7:06  Roach  
  120  7:07  Roach x4  
  129  7:14  Roach  
  129  7:15  Roach x3  
  128  7:27  Drone  
  128  7:28  Drone x5  
  134  7:33  Roach  
  134  7:34  Overlord  
  134  7:35  Overlord  
  136  7:40  Overlord x2  
  135  7:46  Nydus Network  
  134  7:54  Roach x4  
  134  7:55  Ravager x3  
  134  7:56  Ravager  
  146  7:58  Zergling x2  
  146  7:59  Zergling x2  
  146  8:01  Roach  
  146  8:03  Roach  
  146  8:05  Ravager, Zergling x2  
  153  8:07  Zergling x2  
  153  8:09  Zergling x2  
  153  8:11  Roach, Zergling x2  
  157  8:17  Ravager x2  
  158  8:20  Zergling x2  
  158  8:22  Overlord  
  158  8:24  Roach x2  
  160  8:28  Roach, Zergling x2  
  160  8:31  Ravager  
  160  8:33  Zergling x8  

Tags
 
Add a new tag
Caveats
  • Supply blocks, unpowered buildings, or Contaminate may cause inaccurate times.
  • Supply counts are checked every 10 seconds.